 Dungeon Crawl Stone Soup version 0.29-a0-369-gd956c00756 (webtiles) character file.

Game seed: 3013538386456940511

39 siradein the Magician (level 3, 0/24 HPs)
             Began as a Mummy Necromancer on May 2, 2022.
             Slain by Natasha (4 damage)
             ... on level 2 of the Dungeon.
             The game lasted 00:04:20 (1847 turns).

siradein the Magician (Mummy Necromancer)           Turns: 1847, Time: 00:04:20

Health: 0/24       AC:  2    Str: 11    XL:     3   Next: 28%
Magic:  3/8        EV: 12    Int: 16    God:
Gold:   63         SH:  0    Dex: 12    Spells: 9/10 levels left

rFire   x . .      SeeInvis .   g - +2 war axe (vorpal)
rCold   + . .      Faith    .   (no shield)
rNeg    + + +      Spirit   .   a - +0 robe
rPois   ∞          Reflect  .   (no helmet)
rElec   .          Harm     .   (no cloak)
rCorr   .          Rampage  .   (no gloves)
Will    .....                   (no boots)
Stlth   ++........              (no amulet)
HPRegen 0.08/turn               (no ring)
MPRegen 0.11/turn               (no ring)

@: slowed, very slow
A: cold resistance 1, negative energy resistance 3, torment resistance 2, heat
vulnerability 1, in touch with death 1, no potions
a: no special abilities


You were on level 2 of the Dungeon.
You visited 1 branch of the dungeon, and saw 2 of its levels.

You collected 63 gold pieces.

Inventory:

Hand Weapons
 g - a +2 vorpal war axe (weapon)
Armour
 a - a +0 robe (worn)
Wands
 i - a wand of flame (17)
Scrolls
 b - 4 scrolls of magic mapping
 c - a scroll of teleportation {unknown}
 d - 2 scrolls of identify {unknown}
 e - a scroll of enchant weapon {unknown}
 f - a scroll of vulnerability {unknown}
 h - a scroll of enchant armour {unknown}


   Skills:
 - Level 1.5 Dodging
 - Level 1.5 Stealth
 + Level 4.4 Spellcasting
 - Level 4.2 Necromancy


You had 9 spell levels left.
You knew the following spells:

 Your Spells              Type           Power      Damage    Failure   Level
a - Pain                  Necr           100%       1d9       2%          1

Your spell library contained the following spells:

 Spells                   Type           Power      Damage    Failure   Level
 Animate Skeleton         Necr           50%        N/A       2%          1
 Vampiric Draining        Necr           25%        2d7       9%          3
 Animate Dead             Necr           12%        N/A       28%         4
 Agony                    Necr           25%        N/A       61%         5


Dungeon Overview and Level Annotations

Branches:
Dungeon (2/15)

Altars:

Annotations:
D:2 Natasha


Innate Abilities, Weirdness & Mutations

You are immune to poison.
Your flesh is cold resistant. (rC+)
You are immune to negative energy. (rN+++)
You are immune to unholy pain and torment.
You are vulnerable to heat. (rF-)
You are in touch with the powers of death.
You do not drink.


Message History

You feel a surge of power!
The adder writhes in agony.
You kill the adder!
Natasha stares at you and mumbles some strange words.
You feel yourself slow down. The rat bites you.
You are too depleted to draw on your mana recklessly!
Natasha casts a spell.
The rat bites you. The rat barely misses you. The rat barely misses you.
The shadow imp hits you but does no damage.
Natasha attacks as you move away! Natasha barely misses you.
Natasha casts a spell at you.
You feel as though you will be slow longer.
The rat closely misses you. Natasha casts a spell at you.
You feel as though you will be slow longer.
Natasha attacks as you move away! Natasha claws you!
Natasha howls an incantation.
Natasha shimmers violently.
Natasha barely misses you. Natasha barely misses you.
The rat attacks as you move away! The rat closely misses you.
Natasha hisses.
The rat attacks as you move away! The rat barely misses you.
The shadow imp disappears in a puff of smoke!
Natasha misses you. Natasha completely misses you.
The rat bites you but does no damage.
Natasha casts a spell.
The rat closely misses you.
You closely miss the crimson imp. You completely miss Natasha.
You barely miss the rat.
Natasha mumbles some strange words.
The white imp gestures at you. The puff of frost hits you. You resist.
* * * LOW HITPOINT WARNING * * *
The rat barely misses you.
The crimson imp blinks!
Natasha closely misses you. The rat barely misses you.
The white imp is sucked into a shaft!
The shaft crumbles and collapses.
The crimson imp hits you.
* * * LOW HITPOINT WARNING * * *
Natasha claws you.
You die...

######### #.......# #.#####.#
#.#####.# ######....##.#####
#######...##..5........#
#..........†...@r....#.#######
#..........#.###h..###........
#..........#.# #.....#.†......
#..........#.# #...#.#........
#..........#.# #...5.#........
#..........#.# ##.....5.......
#.......<..#.##########.......
#.........>........... .......
#.................†... .......


You could see Natasha, 2 crimson imps and a rat.

Vanquished Creatures
  An adder (D:2)
  A worm (D:2)
  A ball python (D:2)
  2 endoplasms (D:1)
  2 goblins
  3 hobgoblins (D:1)
  3 kobolds (D:1)
  2 quokkas (D:2)
  5 bats
  2 frilled lizards
  4 rats
26 creatures vanquished.

Notes
Turn   | Place    | Note
-------+----------+-------------------------------------------
     0 | D:1      | siradein the Mummy Necromancer began the quest for the Orb.
     0 | D:1      | Reached XP level 1. HP: 13/13 MP: 4/4
   549 | D:1      | Reached XP level 2. HP: 19/19 MP: 1/6
   841 | D:1      | Found a faded altar of an unknown god.
  1742 | D:2      | Gained mutation: You are in touch with the powers of death.
                  | [Mummy growth]
  1742 | D:2      | Reached XP level 3. HP: 19/24 MP: 1/8
  1830 | D:2      | Noticed Natasha
  1847 | D:2      | Slain by Natasha

Illustrated notes

Levels and vault maps discovered:
D:1:      giann_forest_graveyard, layout_loops_ring,
          chequers_ecumenical_altar_lobes
D:2:      layout_basic, uniq_natasha

Skill      XL: |  1  2 |
---------------+-------+-----
Spellcasting   | 3 4 |  4.4
Dodging        | |  1.5
Stealth        | |  1.5
Necromancy     | |  4.2

Action                   || total
-------------------------++-------
Melee: War axe           ||     8
 Cast: Pain              ||    74
  Use: Scroll            ||     1
Armor: Robe              ||     6
Dodge: Dodged            ||    27

Table legend: (Time is in decaauts)
 A = Elapsed time spent in this place.
 B = Non-inter-level travel time spent in this place.
 C = Inter-level travel time spent in this place.
 D = Time resting spent in this place.
 E = Time spent auto-exploring this place.
 F = Levels seen in this place.
 G = Mean time per level.
                   A        B        C        D        E       F      G
               +--------+--------+--------+--------+--------+-----+--------+
         Total |   1856 |   1826 |     30 |    291 |   1141 |   2 |  928.0 |
       Dungeon |   1856 |   1826 |     30 |    291 |   1141 |   2 |  928.0 |
               +--------+--------+--------+--------+--------+-----+--------+

Top non-repeatable levels by time:
     D:1: 1234 daAuts
     D:2: 622 daAuts
